 Dungeon Crawl Stone Soup version 0.27-a0-1202-ge72e49191c (webtiles) character file.

Game seed: 6337951490973363047

15101 mandarbmax the Grappler (level 11, -3/97 HPs)
             Began as a Troll Fighter on June 4, 2021.
             Was a High Priest of Okawaru.
             Slain by a very large slime creature (57 damage)
             ... on level 12 of the Dungeon on June 5, 2021.
             The game lasted 00:27:44 (10230 turns).

mandarbmax the Grappler (Troll Fighter)            Turns: 10230, Time: 00:27:45

Health: -3/97      AC:  6    Str: 27    XL:     11   Next: 97%
Magic:  13/13      EV:  7    Int:  4    God:    Okawaru [*****.]
Gold:   69         SH: 19    Dex: 11    Spells: 10/10 levels left

rFire    . . .     SeeInvis .     - Unarmed
rCold    . . .     Faith    .   m - +2 tower shield
rNeg     + . .     Spirit   .   i - +0 troll leather armour
rPois    .         Reflect  .   P - +0 hat
rElec    .         Harm     .   (no cloak)
rCorr    .         Rampage  .   (gloves unavailable)
Will     +....                  (boots unavailable)
Stlth    +.........             A - amulet of regeneration
HPRegen  3.26/turn              K - ring of positive energy
MPRegen  0.13/turn              t - ring of willpower

@: no status effects
A: large, unfitting armour, claws 3, regeneration 1, shaggy fur 1, tough skin 1
a: Renounce Religion, Heroism, Finesse


You were on level 12 of the Dungeon.
You worshipped Okawaru.
Okawaru was extremely pleased with you.
You visited 2 branches of the dungeon, and saw 13 of its levels.
You also visited: Ossuary.

You collected 649 gold pieces.
You spent 580 gold pieces at shops.

Inventory:

Missiles
 g - 11 boomerangs (quivered)
 q - 9 atropa-tipped darts
 s - 66 poisoned darts
 u - a throwing net
 F - 3 curare-tipped darts
 I - 8 silver javelins
 M - 3 large rocks
Armour
 i - a +0 troll leather armour (worn)
 m - a +2 tower shield (worn)
 E - +0 steam dragon scales
 P - a +0 hat (worn)
Jewellery
 t - a ring of willpower (right claw)
 w - a ring of poison resistance
 A - an amulet of regeneration (around neck)
 K - a ring of positive energy (left claw)
Wands
 a - a wand of flame (18)
 d - a wand of charming (3)
 o - a wand of polymorph (27)
 G - a wand of paralysis (6)
 H - a wand of iceblast (15)
Scrolls
 f - 5 scrolls of amnesia
 h - 5 scrolls of vulnerability
 j - 2 scrolls of torment
 n - 8 scrolls of teleportation
 r - a scroll of fear {unknown}
 v - a scroll of silence {unknown}
 x - a scroll of holy word {unknown}
 y - a scroll of magic mapping
 B - a scroll of enchant weapon
 C - 2 scrolls of fog
Potions
 b - 3 potions of flight
 c - 2 potions of might
 e - 3 potions of mutation
 k - 9 potions of curing
 l - 4 potions of attraction
 p - 3 potions of invisibility
 z - 2 potions of brilliance
 D - a potion of cancellation
 J - 3 potions of heal wounds
 L - 3 potions of ambrosia {unknown}
 O - a potion of resistance
 Q - a potion of haste


   Skills:
 - Level 3.0 Fighting
 + Level 7.5 Throwing
 - Level 3.0 Dodging
 + Level 7.4 Shields
 - Level 14.2 Unarmed Combat
 - Level 4.0 Invocations


You had 10 spell levels left.
You didn't know any spells.
Your spell library contained the following spells:

 Spells                   Type           Power      Damage    Failure   Level
 Animate Skeleton         Necr           0%         N/A       97%         1
 Beastly Appendage        Tmut           0%         N/A       97%         1
 Pain                     Necr           0%         1d4       97%         1
 Sandblast                Erth           0%         2d4       97%         1
 Passwall                 Tmut/Erth      0%         N/A       99%         2
 Poisonous Vapours        Pois/Air       0%         N/A       99%         2
 Static Discharge         Conj/Air       0%         N/A       99%         2
 Wereblood                Tmut           0%         N/A       99%         2
 Conjure Flame            Conj/Fire      0%         6-21      100%        3
 Mephitic Cloud           Conj/Pois/Air  0%         N/A       100%        3
 Spider Form              Tmut/Pois      0%         N/A       100%        3
 Stone Arrow              Conj/Erth      0%         3d7       100%        3
 Vampiric Draining        Necr           0%         2d6       100%        3
 Animate Dead             Necr           0%         N/A       100%        4
 Ice Form                 Ice/Tmut       0%         N/A       100%        4
 Petrify                  Tmut/Erth      0%         N/A       100%        4
 Summon Ice Beast         Ice/Summ       0%         N/A       100%        4
 Agony                    Necr           0%         N/A       100%        5
 Hydra Form               Tmut           0%         N/A       100%        5
 Lee's Rapid Deconstruct  Erth           0%         3d5*      100%        5
 Lightning Bolt           Conj/Air       0%         1d11      100%        5
 Freezing Cloud           Conj/Ice/Air   0%         6-21      100%        6
 Simulacrum               Ice/Necr       0%         N/A       100%        6
 Ozocubu's Refrigeration  Ice            0%         4d5       100%        7
 Ignition                 Fire           0%         3d3       100%        8
 Shatter                  Erth           0%         3d5*      100%        9
 Tornado                  Air            0%         N/A       100%        9


Dungeon Overview and Level Annotations

Branches:
Dungeon (12/15)            Temple (1/1) D:6            Lair (0/6) D:9
Ossuary (visited)
    Orc: D:9-12

Altars:
Ashenzari
Cheibriados
Fedhas
Hepliaklqana
Kikubaaqudgha
Makhleb
Okawaru
Ru
Trog
Uskayaw
Xom
Yredelemnul
Zin
The Shining One

Shops:
D:8 *   D:11 *


Innate Abilities, Weirdness & Mutations

You are too large for most types of armour.
You have claws for hands.
Your natural rate of healing is unusually fast.
You are covered in fur. (AC +1)
You have tough skin. (AC +1)


Message History

The slime creature hits you.
You scratch the slime creature.
The slime creature is moderately wounded.
A large slime creature splits.
You block the slime creature's attack.
Unknown command.
You claw the slime creature!
The slime creature is heavily wounded.
You block the slime creature's attack.
Two slime creatures merge to form a large slime creature.
Unknown command.
You claw the slime creature!
The slime creature is severely wounded.
You block the slime creature's attack.
You scratch the slime creature.
The slime creature is severely wounded.
You feel like a meek peon again. The large slime creature hits you!!
The slime creature hits you.
Unknown command.
You mangle the slime creature!!
The slime creature is almost dead.
The slime creature hits you!
You block the large slime creature's attack.
You block the slime creature's attack. You block the slime creature's attack.
Two slime creatures merge to form a large slime creature.
You claw the large slime creature!
The large slime creature is heavily wounded.
A large slime creature splits.
Two slime creatures merge to form a very large slime creature.
You claw the very large slime creature!
The very large slime creature is heavily wounded.
The slime creature barely misses you.
You barely miss the very large slime creature.
The very large slime creature is heavily wounded.
The slime creature hits you!
You claw the very large slime creature!
The very large slime creature is heavily wounded.
The very large slime creature hits you!!!
Ouch! That really hurt!
You die...

. .. .## ... ..
.... .#
.....######.#####
##.....#......#
#....<.........
#.....#@J.......
......###J.....#.
#..... #........
.##### #[<.......
#..........
.....###....
...#... #..#
...###... ### ...
#..#


You could see a very large slime creature and a slime creature.

Vanquished Creatures
  The ghost of HilariousDeathArtist the Covert, a novice NaTm of Zin (D:8)
  A two-headed ogre (D:9)
  2 tengu warriors (D:10)
  A cyclops (D:11)
  An unseen horror (D:10)
  Psyche (D:9)
  Maggie (D:9)
  2 kobold demonologists
  2 trolls
  A hornet (D:11)
  5 slime creatures
  3 wyverns
  3 steam dragons
  3 wraiths
  15 yaks
  2 basilisks (D:9)
  2 vampire mosquitoes (D:6)
  5 water moccasins
  5 black bears
  An orc warrior (D:6)
  2 ogres (D:6)
  A sky beast (D:5)
  A necrophage (D:6)
  3 wolves (D:9)
  3 centaurs (D:9)
  A phantom (D:3)
  14 kobold brigands
  An elf zombie (Ossuary)
  2 bullfrogs (D:7)
  4 scorpions
  2 gnoll sergeants (D:9)
  A wyvern skeleton (D:5)
  A water moccasin skeleton (D:7)
  2 killer bees
  20 wights
  2 howler monkeys (D:8)
  3 centaur zombies
  4 jellies
  5 orc priests
  2 hounds
  A centaur skeleton (D:7)
  An iguana (D:6)
  5 orc wizards
  3 mummies (Ossuary)
  2 howler monkey zombies
  6 adders
  17 gnolls
  2 howler monkey skeletons
  4 shadow imps
  2 worms (D:3)
  The ghost of dang3rdave the Sneak, a weakling GrDe (D:5)
  2 dart slugs
  30 orcs
  8 bats
  6 endoplasms
  2 giant cockroaches (D:4)
  10 goblins
  6 hobgoblins
  9 jackals
  3 quokkas
  7 ball pythons
  2 frilled lizards (D:1)
  7 goblin zombies (Ossuary)
  4 hobgoblin zombies (Ossuary)
  23 kobolds
  A kobold zombie (Ossuary)
  6 rats
301 creatures vanquished.

Vanquished Creatures (others)
  A shadow (D:11)
  A howler monkey (D:8)
  A fungus (D:9)
  9 plants (D:9)
12 creatures vanquished.

Grand Total: 313 creatures vanquished

Notes
Turn   | Place    | Note
-------+----------+-------------------------------------------
     0 | D:1      | mandarbmax the Troll Fighter began the quest for the Orb.
     0 | D:1      | Reached XP level 1. HP: 22/22 MP: 0/0
   190 | D:1      | Reached XP level 2. HP: 29/29 MP: 1/1
   319 | D:1      | Reached skill level 3 in Unarmed Combat
   999 | D:2      | Reached XP level 3. HP: 36/36 MP: 2/2
  1132 | D:2      | Reached skill level 4 in Unarmed Combat
  1180 | D:2      | Found a faded altar of an unknown god.
  1808 | D:3      | Reached XP level 4. HP: 44/44 MP: 3/3
  2068 | D:4      | Noticed a phantom
  2109 | D:3      | Killed a phantom
  2110 | D:3      | Reached skill level 5 in Unarmed Combat
  2110 | D:3      | Reached XP level 5. HP: 36/50 MP: 4/4
  2161 | D:3      | Reached skill level 6 in Unarmed Combat
  2164 | D:3      | Reached XP level 6. HP: 59/59 MP: 5/5
  2308 | D:4      | Found a large runed translucent door.
  2308 | D:4      | Found a large runed translucent door.
  2532 | D:3      | Reached skill level 7 in Unarmed Combat
  2891 | D:4      | Reached XP level 7. HP: 55/66 MP: 6/6
  3162 | D:5      | Entered Level 5 of the Dungeon
  3162 | D:5      | Found a transporter.
  3210 | D:5      | Reached skill level 8 in Unarmed Combat
  3237 | D:5      | Identified the +5 trident of Azackula {flame, Will+ Str+4
                  | Int+5 Dex-3}
  3488 | D:5      | Found a transporter.
  3489 | D:5      | Noticed dang3rdave's ghost (weakling GrDe)
  3688 | D:5      | Reached skill level 9 in Unarmed Combat
  3912 | D:6      | Reached XP level 8. HP: 74/74 MP: 7/7
  3992 | D:6      | Reached skill level 1 in Throwing
  4074 | D:6      | Identified the +9 short sword of the Several Friars
                  | {vorpal, rPois}
  4206 | D:6      | Found a staircase to the Ecumenical Temple.
  4216 | Temple   | Entered the Ecumenical Temple
  4272 | Temple   | Became a worshipper of Warmaster Okawaru
  5106 | D:7      | Found a sand-covered staircase.
  5111 | Ossuary  | Entered an ossuary
  5234 | Ossuary  | Reached XP level 9. HP: 77/81 MP: 8/8
  5419 | Ossuary  | Reached * piety under Okawaru
  5420 | Ossuary  | Reached skill level 5 in Shields
  5701 | D:7      | Reached skill level 5 in Throwing
  6150 | D:8      | Reached ** piety under Okawaru
  6396 | D:8      | Found Rausm's Assorted Antiques.
  6405 | D:8      | Bought an encrusted bronze wand for 88 gold pieces
  6405 | D:8      | Bought a scroll labelled PACEINK RUAMUD for 22 gold pieces
  6405 | D:8      | Bought a scroll labelled ZIGHUARCHIG for 22 gold pieces
  6724 | D:8      | Found a runed translucent gate.
  6724 | D:8      | Found a runed translucent gate.
  6724 | D:8      | Found a runed translucent gate.
  6726 | D:8      | Noticed HilariousDeathArtist's ghost (novice NaTm)
  6726 | D:8      | Noticed a kobold demonologist
  6947 | D:4      | Found a hazy altar of Hepliaklqana.
  6957 | D:4      | Found a snail-covered altar of Cheibriados.
  7021 | D:5      | Killed dang3rdave's ghost
  7250 | D:8      | Reached XP level 10. HP: 91/91 MP: 9/9
  7252 | D:8      | Reached skill level 1 in Invocations
  7264 | D:8      | Killed HilariousDeathArtist's ghost
  7264 | D:8      | Reached *** piety under Okawaru
  7428 | D:8      | Reached skill level 10 in Unarmed Combat
  7475 | D:9      | Noticed Maggie
  7486 | D:9      | Killed Maggie
  7486 | D:9      | Reached **** piety under Okawaru
  7517 | D:9      | Reached skill level 11 in Unarmed Combat
  7667 | D:9      | Found a staircase to the Lair.
  7721 | D:9      | Reached XP level 11. HP: 96/96 MP: 13/13
  7764 | D:9      | Reached skill level 12 in Unarmed Combat
  7842 | D:9      | Received a gift from Okawaru
  8236 | D:9      | Noticed Psyche
  8242 | D:9      | Killed Psyche
  8544 | D:9      | Noticed a two-headed ogre
  8551 | D:9      | Killed a two-headed ogre
  8551 | D:9      | Reached ***** piety under Okawaru
  8575 | D:10     | Entered Level 10 of the Dungeon
  8739 | D:10     | Noticed a tengu warrior
  8739 | D:10     | Noticed a tengu warrior
  9345 | D:10     | Received a gift from Okawaru
  9629 | D:10     | Killed a tengu warrior
  9630 | D:10     | Reached skill level 13 in Unarmed Combat
  9632 | D:10     | Killed a tengu warrior
  9766 | D:11     | Received a gift from Okawaru
  9914 | D:11     | Reached skill level 14 in Unarmed Combat
  9921 | D:11     | Received a gift from Okawaru
  9939 | D:11     | Found Neprong's Assorted Antiques.
  9949 | D:11     | Bought a scroll labelled ZIGHUARCHIG for 28 gold pieces
  9949 | D:11     | Bought a potion of haste for 280 gold pieces
  9949 | D:11     | Bought a potion of heal wounds for 140 gold pieces
 10230 | D:12     | Slain by a very large slime creature

Illustrated notes

Levels and vault maps discovered:
D:1:      minmay_arrival_split_and_join, layout_basic,
          chequers_serial_rivers_micro_c, st_stairs_11
D:2:      layout_loops_cross, hellmonk_ecumenical_altar_run_dry
D:3:      minmay_octagon_keep, layout_rooms
D:4:      layout_rooms, jmf_multi_god_temple2
D:5:      layout_cave_pools, gammafunk_ghost_mausoleum, grunt_ministairs_7
D:6:      layout_loops_corners, minmay_temple_entry_stoned_glass
D:7:      minmay_spotlight, layout_loops_ring, nicolae_ossuary_entry_ruins
D:8:      layout_loops_ring, gammafunk_ghost_nasty_kobolds, serial_shops, shop,
          serial_park_tiny_pond, grunt_ministairs_10
D:9:      layout_basic, minmay_lair_entry_grove, minmay_misc_feat_nine_boxes,
          uniq_psyche, uniq_maggie
D:10:     layout_grid_maze
D:11:     layout_cross, serial_shops, nicolae_shop_overgrown_old_shop
D:12:     layout_cave_pools, orc_0_dummy, nicolae_trove_entry_columns,
          uniq_josephine
Temple:   regret_index_temple_chain_breaker

Skill      XL: |  1  2  3  4  5  6  7  8  9 10 11 |
---------------+----------------------------------+-----
Unarmed Combat | 3 4 5 6 7 9 11 14 | 14.2
Fighting       | 3 |  3.0
Dodging        | 3 |  3.0
Shields        | 4 7 |  7.4
Throwing       | 4 7 |  7.5
Invocations    | 4 |  4.0

Action                   |  1- 3 |  4- 6 |  7- 9 | 10-12 || total
-------------------------+-------+-------+-------+-------++-------
Melee: Unarmed           |   119 |   147 |   345 |   296 ||   907
Throw: Dart              |    24 |    20 |    40 |    94 ||   178
       Boomerang         |       |       |    22 |     9 ||    31
       Javelin           |       |       |       |    12 ||    12
Invok: Heroism           |       |       |     2 |     9 ||    11
Evoke: Wand              |       |       |     3 |     4 ||     7
  Use: Scroll            |       |       |    18 |     5 ||    23
       Potion            |       |       |     4 |     1 ||     5
 Stab: Sleeping          |     1 |       |       |       ||     1
       Invisible         |       |       |     1 |     6 ||     7
       Paralysed         |       |       |       |     3 ||     3
Armor: Robe              |    56 |    27 |    34 |       ||   117
       Steam dragon scal |       |       |    20 |    20 ||    40
       Troll leather arm |       |       |       |    41 ||    41
Dodge: Dodged            |    28 |    29 |    63 |    48 ||   168
Block: Kite shield       |    46 |       |       |       ||    46
       Tower shield      |    23 |   120 |   273 |   303 ||   719

Table legend: (Time is in decaauts)
 A = Elapsed time spent in this place.
 B = Non-inter-level travel time spent in this place.
 C = Inter-level travel time spent in this place.
 D = Time resting spent in this place.
 E = Time spent auto-exploring this place.
 F = Levels seen in this place.
 G = Mean time per level.
                   A        B        C        D        E       F      G
               +--------+--------+--------+--------+--------+-----+--------+
         Total |  10390 |   9648 |    742 |    618 |   6491 |  14 |  742.1 |
       Dungeon |   9857 |   9129 |    728 |    618 |   6123 |  12 |  821.4 |
        Temple |     71 |     57 |     14 |      0 |     53 |   1 |   71.0 |
       Ossuary |    461 |    461 |      0 |      0 |    314 |   1 |  461.0 |
               +--------+--------+--------+--------+--------+-----+--------+

Top non-repeatable levels by time:
     D:6: 1189 daAuts
     D:9: 1173 daAuts
    D:10: 1135 daAuts
     D:1: 972 daAuts
     D:8: 954 daAuts
     D:4: 897 daAuts
     D:3: 876 daAuts
     D:7: 807 daAuts
     D:5: 757 daAuts
     D:2: 610 daAuts
 Ossuary: 461 daAuts
    D:11: 359 daAuts
    D:12: 123 daAuts
  Temple: 71 daAuts
